 Dungeon Crawl Stone Soup version 0.30-a0-364-gf6b3ef1049 (webtiles) character file.

Game seed: 17283942843479555632

9184 avis the Skirmisher (level 11, 0/89 HPs)
             Began as a Demigod Ice Elementalist on Nov 14, 2022.
             Slain by a death knight
             ... wielding a +0 battleaxe
              (23 damage)
             ... on level 9 of the Dungeon on Nov 15, 2022.
             The game lasted 01:42:57 (15194 turns).

avis the Skirmisher (Demigod Ice Elementalist)     Turns: 15194, Time: 01:42:59

Health: 0/89       AC: 14    Str:  9    XL:     11   Next: 0%
Magic:  14/22      EV: 16    Int: 17    God:
Gold:   167        SH:  5    Dex: 26    Spells: 9/20 levels left

rFire   + . .      SeeInvis +    a - +3 scimitar (flame)
rCold   + . .      Faith    .    e - +0 buckler
rNeg    . . .      Spirit   .    D - +2 robe {rC+ rF+}
rPois   +          Reflect  .    F - +1 helmet
rElec   .          Harm     .    (no cloak)
rCorr   +          Rampage  .    x - +0 pair of gloves of Agoraphobia {rCorr SInv}
Will    +....                    (no boots)
Stlth   +++.......               h - amulet of the acrobat
HPRegen 0.34/turn                G - +4 ring of evasion
MPRegen 0.18/turn                l - ring of poison resistance

@: ice-armoured, freezing walls
A: high MP 1, forlorn, divine attributes
a: no special abilities


You were on level 9 of the Dungeon.
You visited 2 branches of the dungeon, and saw 11 of its levels.
You also visited: Bailey.

You collected 707 gold pieces.
You spent 540 gold pieces at shops.

Inventory:

Hand Weapons
 a - a +3 scimitar of flaming (weapon)
 b - a +1 sling of flaming
 w - a +2 dagger of venom
 I - a +1 whip of electrocution
 J - a +1 halberd of electrocution
 K - a +4 halberd of draining
 L - a +4 halberd of draining
 Q - a +5 great sword
 R - a +1 sling
 S - a +0 dagger of electrocution
 V - the +10 quarterstaff of the Dancing Saviour {antimagic, rElec Will+ Str-5 Int+2}
   (You found it on level 8 of the Dungeon)

   It reduces the magical energy of the wielder, and disrupts the spells and
   magical abilities of those it strikes.
   Natural abilities and divine invocations are not affected.
   Str:       It affects your strength (-5).
   Int:       It affects your intelligence (+2).
   rElec:     It insulates you from electricity.
   Will:      It increases your willpower.
 X - a +4 whip
 Y - a +2 short sword of venom
 Z - a +0 flail of protection
Missiles
 d - 5 silver javelins
 s - 44 poisoned darts (quivered)
 O - 2 boomerangs
 W - a curare-tipped dart
Armour
 e - a +0 buckler (worn)
 x - the +0 pair of gloves of Agoraphobia (worn) {rCorr SInv}
   (You found it on level 6 of the Dungeon)

   SInv:      It lets you see invisible.
   rCorr:     It protects you from acid and corrosion.
 D - a +2 robe of resistance (worn)
 F - a +1 helmet (worn)
Magical Staves
 p - a staff of air
Jewellery
 h - an amulet of the acrobat (around neck)
 l - a ring of poison resistance (right hand)
 m - a +6 ring of dexterity
 B - a ring of protection from cold
 G - a +4 ring of evasion (left hand)
 H - a ring of see invisible
Wands
 c - a wand of flame (50)
 T - a wand of mindburst (8)
 U - a wand of roots (13)
Scrolls
 f - a scroll of identify
 i - 2 scrolls of noise
 k - 5 scrolls of fear
 o - a scroll of immolation
 q - 2 scrolls of teleportation
 r - 2 scrolls of enchant armour
 u - a scroll of amnesia
 y - 2 scrolls of magic mapping
 P - a scroll of vulnerability
Potions
 g - 5 potions of curing
 j - 3 potions of invisibility
 n - 3 potions of lignification
 t - 6 potions of magic
 v - a potion of flight {unknown}
 z - a potion of cancellation
 A - a potion of resistance
 C - 3 potions of brilliance
 E - 4 potions of might
 M - a potion of haste {unknown}
 N - 3 potions of mutation


   Skills:
 - Level 6.0 Fighting
 - Level 12.0 Ranged Weapons
 * Level 2.8 Armour
 - Level 2.0 Dodging
 - Level 2.0 Stealth
 - Level 5.0 Spellcasting
 - Level 4.0 Summonings
 - Level 6.0 Ice Magic


You had 9 spell levels left.
You knew the following spells:

 Your Spells              Type           Power      Damage    Failure   Level
a - Freeze                Ice            96%        1d10      1%          1
o - Ozocubu's Armour      Ice            24%        N/A       4%          3
r - Frozen Ramparts       Ice            48%        1d8       4%          3
s - Summon Ice Beast      Ice/Summ       21%        N/A       24%         4

Your spell library contained the following spells:

 Spells                   Type           Power      Damage    Failure   Level
 Summon Small Mammal      Summ           68%        N/A       3%          1
 Call Canine Familiar     Summ           17%        N/A       11%         3
 Sandblast                Erth           8%         2d5       19%         1
 Slow                     Hex            16%        N/A       19%         1
 Summon Guardian Golem    Hex/Summ       11%        N/A       26%         3
 Passwall                 Tmut/Erth      3%         N/A       28%         2
 Static Discharge         Conj/Air       8%         2-3/arc   28%         2
 Sublimation of Blood     Necr           4%         N/A       28%         2
 Wereblood                Tmut           4%         N/A       28%         2
 Confusing Touch          Hex            4%         N/A       50%         3
 Ignite Poison            Fire/Tmut/Pois 4%         N/A       50%         3
 Portal Projectile        Hex/Tloc       8%         N/A       50%         3
 Stone Arrow              Conj/Erth      8%         3d7       50%         3
 Vampiric Draining        Necr           4%         2d6       50%         3
 Vhi's Electric Charge    Tloc/Air       8%         N/A       50%         3
 Leda's Liquefaction      Hex/Erth       2%         N/A       88%         4
 Sticky Flame             Conj/Fire      4%         2d3       88%         4
 Arcjolt                  Conj/Air       2%         1d12      99%         5
 Lightning Bolt           Conj/Air       2%         1d13      99%         5
 Summon Hydra             Summ           8%         N/A       100%        7
 Ignition                 Fire           2%         3d3       100%        8


Dungeon Overview and Level Annotations

Branches:
Dungeon (10/15)            Temple (1/1) D:6            Lair (0/5) D:9
    Orc (0/2) D:10         Bailey (visited)

Shops:
D:3 [   D:7 (   D:9 !

Annotations:
D:2 1 runed translucent door, Crazy Yiuf


Innate Abilities, Weirdness & Mutations

You have an increased reservoir of magic. (+10% MP)
You shall have no god before yourself.
Your divine heritage dramatically boosts your attributes as you level up.


Message History

You closely miss the death knight.
The wall freezes the death knight but does no damage.
The death knight hits you with a +0 battleaxe!!
The boulder beetle curls into a ball and begins rolling!
You hit the death knight. You burn the death knight.
The death knight is lightly wounded.
The death knight reflects your damage back at you!
The wall freezes the death knight but does no damage.
The death knight barely misses you.
The wall freezes the boulder beetle but does no damage.
The wall freezes the death knight.
The death knight hits you with a +0 battleaxe.
The death knight reflects your damage back at you!
The wall freezes the boulder beetle but does no damage.
You barely miss the death knight.
The death knight is lightly wounded.
The wall freezes the boulder beetle but does no damage.
You block the boulder beetle's attack.
The boulder beetle stops rolling and uncurls.
The wall freezes the death knight but does no damage.
The death knight hits you with a +0 battleaxe!
The wall freezes the boulder beetle.
You block the boulder beetle's attack.
You hit the death knight but do no damage.
The death knight is lightly wounded.
The frozen ramparts melt away.
The death knight's dark mirror aura disappears.
The death knight hits you with a +0 battleaxe!
The boulder beetle bites you!
* * * LOW HITPOINT WARNING * * *
You block the death knight's attack.
Casting: Frozen Ramparts (dangerous; 4% risk of failure)
Confirm with . or Enter, or press ? or * to list all spells.
Casting: Frozen Ramparts (dangerous; 4% risk of failure)
Press: ? - help, Dir - look around, f - activate The walls around you are covered in ice.
The wall freezes the boulder beetle but does no damage.
The boulder beetle bites you but does no damage.
The wall freezes the death knight but does no damage.
The death knight hits you with a +0 battleaxe!!
You die...

........#'####
.............#
.......#.....#
.......#.....#
......##.....#
.......'.....########
....##.#............#
######.#.####..####.#
#...#.....B@.# ####
##..#..####p.# ...#
#..#.# .#.# ##.#
##... #/ ... #... ..
.... #.#.# ... .#..#
#.#.. ### .#..# .#...
.#..#


You could see a death knight and a boulder beetle.

Vanquished Creatures
  Erica (D:10)
  3 two-headed ogres
  3 meliai (D:9)
  2 yaks
  A wyvern (D:9)
  A vampire mosquito (D:8)
  3 water moccasins
  4 black bears
  3 orc warriors
  7 ice beasts
  3 sky beasts
  4 ogres
  A centaur (D:7)
  5 kobold brigands
  2 phantoms
  5 bullfrogs
  2 necrophages
  6 scorpions
  5 wights (D:8)
  10 killer bees
  5 howler monkeys
  6 hounds
  2 jellies (D:6)
  2 orc priests
  15 orc wizards
  5 iguanas
  16 gnolls
  6 adders
  2 shadow imps (D:6)
  2 white imps (D:6)
  3 ufetubi
  2 worms (D:3)
  3 dart slugs
  46 orcs
  A ball python (D:1)
  4 endoplasms
  2 giant cockroaches
  9 goblins
  6 hobgoblins
  8 jackals
  2 quokkas
  11 bats
  3 frilled lizards
  23 kobolds
  5 rats
260 creatures vanquished.

Vanquished Creatures (others)
  57 fungi (D:9)
  52 plants (D:9)
109 creatures vanquished.

Grand Total: 369 creatures vanquished

Notes
Turn   | Place    | Note
-------+----------+-------------------------------------------
     0 | D:1      | avis the Demigod Ice Elementalist began the quest for the
                  | Orb.
     0 | D:1      | Reached XP level 1. HP: 14/14 MP: 5/5
   430 | D:1      | Reached XP level 2. HP: 20/20 MP: 5/7
  1339 | D:2      | Reached XP level 3. HP: 27/27 MP: 7/9
  1386 | D:2      | Reached skill level 1 in Fighting
  1411 | D:2      | Learned a level 3 spell: Frozen Ramparts
  1415 | D:2      | Learned a level 3 spell: Ozocubu's Armour
  1813 | D:2      | Found a runed translucent door.
  1814 | D:2      | Noticed Crazy Yiuf
  1874 | D:2      | Reached XP level 4. HP: 34/35 MP: 3/10
  2280 | D:3      | Reached skill level 5 in Ice Magic
  2511 | D:3      | Found Guddoghe's Armour Shoppe.
  3061 | D:4      | Reached skill level 1 in Ranged Weapons
  3061 | D:4      | Reached XP level 5. HP: 38/41 MP: 2/11
  3181 | D:4      | Reached skill level 2 in Ranged Weapons
  3255 | D:4      | Noticed an ogre
  3281 | D:4      | Killed an ogre
  3282 | D:4      | Reached XP level 6. HP: 39/48 MP: 6/13
  3826 | D:5      | Entered Level 5 of the Dungeon
  4186 | D:5      | Learned a level 4 spell: Summon Ice Beast
  4211 | D:5      | Reached skill level 3 in Ranged Weapons
  4482 | D:5      | Reached skill level 4 in Ranged Weapons
  4996 | D:5      | Reached XP level 7. HP: 49/55 MP: 8/14
  5380 | D:5      | Reached skill level 1 in Summonings
  6194 | D:5      | Reached skill level 5 in Ranged Weapons
  6364 | D:6      | Reached XP level 8. HP: 63/63 MP: 8/15
  6376 | D:6      | Reached skill level 6 in Ranged Weapons
  6405 | D:6      | HP: 2/63 [ice beast (13)]
  6413 | D:6      | Noticed a two-headed ogre
  6702 | D:6      | Killed a two-headed ogre
  6703 | D:6      | Reached skill level 7 in Ranged Weapons
  6906 | D:6      | Reached XP level 9. HP: 66/71 MP: 10/16
  7059 | D:6      | Found a staircase to the Ecumenical Temple.
  7078 | Temple   | Entered the Ecumenical Temple
  7539 | D:6      | Reached skill level 8 in Ranged Weapons
  8065 | D:6      | Reached skill level 5 in Fighting
  8297 | D:6      | Identified the +0 pair of gloves of Agoraphobia {rCorr
                  | SInv}
  8521 | D:3      | Bought a +2 robe of resistance for 414 gold pieces
  8648 | Temple   | Upgraded the game from 0.30-a0-360-g447f08457e to
                  | 0.30-a0-364-gf6b3ef1049
  8764 | D:6      | Reached skill level 9 in Ranged Weapons
  8943 | D:7      | Found Mufump's Weapon Emporium.
  9263 | D:7      | Found a flagged portal.
  9271 | Bailey   | Entered a bailey
 10244 | Bailey   | HP: 1/72 [orc warrior/+0 halberd of electrocution (16)]
 11443 | D:8      | Reached skill level 10 in Ranged Weapons
 11655 | D:8      | Reached XP level 10. HP: 60/75 MP: 10/19
 11773 | D:7      | Bought a +1 sling of flaming for 126 gold pieces
 12291 | D:8      | Noticed a two-headed ogre
 12309 | D:8      | Killed a two-headed ogre
 12436 | D:8      | Reached skill level 5 in Spellcasting
 12478 | D:8      | Identified the +10 quarterstaff of the Dancing Saviour
                  | {antimagic, rElec Will+ Str-5 Int+2}
 12739 | D:9      | Reached skill level 1 in Armour
 12847 | D:9      | Found a staircase to the Lair.
 13137 | D:9      | You fall into a shaft and drop 1 floor!
 13137 | D:10     | Entered Level 10 of the Dungeon
 13409 | D:10     | Noticed Erica
 13427 | D:10     | Killed Erica
 13435 | D:10     | Reached skill level 11 in Ranged Weapons
 13745 | D:10     | Found a staircase to the Orcish Mines.
 13774 | D:10     | Noticed a two-headed ogre
 13791 | D:10     | Killed a two-headed ogre
 14527 | D:9      | Found Gockob's Distillery.
 14651 | D:9      | Reached skill level 12 in Ranged Weapons
 15032 | D:9      | Reached XP level 11. HP: 89/89 MP: 14/22
 15185 | D:9      | Noticed a death knight
 15187 | D:9      | Noticed a boulder beetle
 15194 | D:9      | Slain by a death knight

Illustrated notes

Levels and vault maps discovered:
D:1:      reono_arrival_forest_river, layout_loops_cross
D:2:      layout_loops_ring, basic_altar, uniq_crazy_yiuf_cottage
D:3:      layout_basic, mainiacjoe_overflow_alcove_2,
          mainiacjoe_overflow_large_starburst, serial_shops,
          nicolae_lakefront_shop
D:4:      layout_basic
D:5:      layout_loops_corners, minmay_puff
D:6:      kennysheep_windowed_halls, layout_rooms, minmay_temple_entry_ruins,
          amethyst_killhole, minmay_quadrilaterals
D:7:      layout_cave_pods, mainiacjoe_overflow_boulevard, serial_shops,
          nicolae_shop_bloodbath_and_beyond, enter_bailey_3
D:8:      minmay_chambers_of_sixes, layout_loops_cross, st_stairs_14
D:9:      layout_roguey, nicolae_overflow_crystal_walls,
          due_lair_maze_entry_diamond, serial_shops, shop, minivault_20
D:10:     layout_cave_pods, nicolae_qazlal_style_of_elements,
          lemuel_crystal_altar, orc_0_dummy, uniq_erica
Temple:   regret_index_temple_waves

Skill      XL: |  1  2  3  4  5  6  7  8  9 10 |
---------------+-------------------------------+-----
Ice Magic      | 4 5 6 |  6.0
Spellcasting   | 2 3 4 5 |  5.0
Fighting       | 1 2 3 4 5 6 |  6.0
Dodging        | 2 |  2.0
Stealth        | 2 |  2.0
Ranged Weapons | 1 2 4 5 7 10 12 | 12.0
Summonings     | 2 4 |  4.0
Armour         | 2 |  2.8

Action                   |  1- 3 |  4- 6 |  7- 9 | 10-12 || total
-------------------------+-------+-------+-------+-------++-------
Melee: Short sword       |    11 |    46 |   191 |    16 ||   264
       Dagger            |       |     6 |     8 |    11 ||    25
       Scimitar          |       |       |       |    16 ||    16
 Fire: Sling             |       |    55 |   223 |   177 ||   455
Throw: Dart              |       |     1 |       |       ||     1
 Cast: Freeze            |    52 |     1 |     1 |     1 ||    55
       Ozocubu's Armour  |       |    16 |    66 |    25 ||   107
       Frozen Ramparts   |       |    17 |    63 |    38 ||   118
  Use: Potion            |       |       |     2 |     7 ||     9
       Scroll            |       |       |    13 |     5 ||    18
 Stab: Sleeping          |     2 |     3 |     3 |       ||     8
Armor: Robe              |     6 |    17 |    82 |    50 ||   155
Dodge: Dodged            |    31 |    34 |   189 |   125 ||   379
Block: Buckler           |     4 |    17 |    76 |    44 ||   141

Table legend: (Time is in decaauts)
 A = Elapsed time spent in this place.
 B = Non-inter-level travel time spent in this place.
 C = Inter-level travel time spent in this place.
 D = Time resting spent in this place.
 E = Time spent auto-exploring this place.
 F = Levels seen in this place.
 G = Mean time per level.
                   A        B        C        D        E       F      G
               +--------+--------+--------+--------+--------+-----+--------+
         Total |  15181 |  13796 |   1385 |   5390 |   4465 |  12 | 1265.1 |
       Dungeon |  13865 |  12480 |   1385 |   4503 |   4449 |  10 | 1386.5 |
        Temple |     31 |     31 |      0 |      0 |      0 |   1 |   31.0 |
        Bailey |   1284 |   1284 |      0 |    887 |     16 |   1 | 1284.0 |
               +--------+--------+--------+--------+--------+-----+--------+

Top non-repeatable levels by time:
     D:5: 2588 daAuts
     D:6: 2097 daAuts
     D:8: 1648 daAuts
  Bailey: 1284 daAuts
     D:7: 1240 daAuts
     D:9: 1238 daAuts
     D:4: 1118 daAuts
     D:2: 1055 daAuts
     D:1: 1040 daAuts
    D:10: 930 daAuts
     D:3: 907 daAuts
  Temple: 31 daAuts
